[Event "Titled Tuesday Blitz November 07 Early 2023"]
[White "Schut, Han"]
[Black "Kubicka, Anna"]
[WhiteFideId "1005561"]
[BlackFideId "1152254"]
[WhiteElo "2293"]
[BlackElo "2490"]
[Result "0-1"]
[Round "3"]
[TimeControl "180+1"]
[Date "2023.11.07"]
[WhiteClock "0:00:00"]
[BlackClock "0:00:05"]
[Board "203"]

1. e4 c5 2. Nf3 d6 3. d4 cxd4 4. Nxd4 Nf6 5. f3 a6 6. c4 Nc6 7. Be3 g6 8. Nc3 Bg7 9. Qd2 O-O 10. Rc1 Bd7 11. Be2 Rc8 12. O-O Nxd4 13. Bxd4 Re8 14. Rfd1 Qa5 15. Kh1 Bc6 16. Rb1 b5 17. b4 Qc7 18. cxb5 axb5 19. Nxb5 Bxb5 20. Bxb5 Nd7 21. Rdc1 Qb7 22. a4 Rxc1+ 23. Rxc1 Bxd4 24. Qxd4 Rc8 25. Rxc8+ Qxc8 26. Bxd7 Qxd7 27. b5 Qc7 28. Qa1 Qa5 29. h3 Kf8 30. Kh2 Ke8 31. Qa3 Kd7 32. Qb3 e6 33. Qc4 Qb6 34. Qb4 Qb8 35. a5 d5+ 36. g3 Qc7 37. Qb2 Qxa5 38. exd5 exd5 39. b6 Kc8 40. Qc2+ Kb7 41. Qc7+ Ka6 42. h4 Qxb6 43. Qxf7 Qf2+ 44. Kh3 Qf1+ 45. Kh2 Qe2+ 46. Kh3 Qf1+ 47. Kg4 Qc4+ 48. f4 Qe2+ 49. Kh3 Qf1+ 50. Kh2 Qf2+ 51. Kh3 d4 52. Qxh7 Qf1+ 53. Kh2 Qe2+ 54. Kh3 Qe6+ 55. Kh2 d3 56. Qc7 d2 57. Qc2 Qe2+ 58. Kh3 Qf1+ 59. Kh2 d1=Q 60. Qc6+ Ka5 61. Qc5+ Qb5 62. Qa3+ Qda4 63. Qc3+ Qab4 64. Qc7+ Qb6 65. Qe5+ Q4b5 66. Qc3+ Qb4 67. Qe5+ Q6c5 68. Qxc5+ Qxc5 0-1


[Site "https://www.chess.com"]

[Event "Titled Tuesday Blitz November 07 Early 2023"]
[White "Lehtosaari, Mauri"]
[Black "Martin, Lewis"]
[WhiteFideId "501999"]
[BlackFideId "410551"]
[WhiteElo "2488"]
[BlackElo "2284"]
[Result "1-0"]
[Round "3"]
[TimeControl "180+1"]
[Date "2023.11.07"]
[WhiteClock "0:00:34"]
[BlackClock "0:00:16"]
[Board "204"]

1. d4 d5 2. Nf3 Nf6 3. Bg5 Ne4 4. Bf4 c6 5. e3 Nd7 6. Nbd2 Ndf6 7. Bd3 Bg4 8. c3 e6 9. Qb3 Qb6 10. O-O h6 11. Bxe4 dxe4 12. Ne5 Bf5 13. Ndc4 Qxb3 14. axb3 a6 15. Na5 Ra7 16. Nec4 b5 17. Ne5 c5 18. Nac6 Ra8 19. Rfd1 Nd5 20. h3 g5 21. Bg3 Bg7 22. c4 Nb4 23. cxb5 O-O 24. b6 Bxe5 25. Nxe5 cxd4 26. b7 Rab8 27. Nd7 Rxb7 28. Nxf8 Nc2 29. Rxa6 Kxf8 30. exd4 Rxb3 31. Be5 Kg8 32. g4 f6 33. Bxf6 Bg6 34. Rxe6 Rxb2 35. d5 Rb7 36. d6 Rd7 37. Re7 Rxe7 38. Bxe7 Be8 39. d7 Bxd7 40. Rxd7 1-0


[Site "https://www.chess.com"]

[Event "Titled Tuesday Blitz November 07 Early 2023"]
[White "De Souza, Cristiano Gomes"]
[Black "Ahn, Hongjin"]
[WhiteFideId "2151758"]
[BlackFideId "13201492"]
[WhiteElo "2271"]
[BlackElo "2487"]
[Result "1-0"]
[Round "3"]
[TimeControl "180+1"]
[Date "2023.11.07"]
[WhiteClock "0:00:30"]
[BlackClock "0:00:25"]
[Board "205"]

1. d4 e6 2. Nf3 d6 3. c4 Kd7 4. Nc3 Qe8 5. e4 Kd8 6. Be2 Nf6 7. O-O Nc6 8. d5 exd5 9. exd5 Ne7 10. Re1 Bd7 11. Bg5 Kc8 12. Rc1 Kb8 13. b4 h6 14. Bh4 Qd8 15. Nd4 Ng6 16. Bg3 h5 17. h3 h4 18. Bh2 Be7 19. Nb3 Nh7 20. c5 Ng5 21. cxd6 Bxd6 22. Bxd6 cxd6 23. Na5 Nf4 24. Bg4 f5 25. Bf3 Re8 26. Rxe8 Qxe8 27. b5 Qg6 28. Kf1 Qh6 29. Nc6+ bxc6 30. dxc6 Nxf3 31. Qxf3 Nd3 32. Rd1 Ne5 33. cxd7 Nxf3 34. d8=Q+ 1-0


[Site "https://www.chess.com"]

[Event "Titled Tuesday Blitz November 07 Early 2023"]
[White "Smietanska, Wiktoria"]
[Black "Lund, Gunnar"]
[WhiteFideId "21869359"]
[BlackFideId "1520814"]
[WhiteElo "2270"]
[BlackElo "2485"]
[Result "0-1"]
[Round "3"]
[TimeControl "180+1"]
[Date "2023.11.07"]
[WhiteClock "0:00:00"]
[BlackClock "0:00:54"]
[Board "206"]

1. c4 h6 2. Nc3 a6 3. g3 e6 4. Bg2 d6 5. d4 Nc6 6. d5 exd5 7. cxd5 Ne5 8. f4 Nd7 9. Nf3 g6 10. e4 Bg7 11. O-O Ne7 12. Be3 O-O 13. Bd4 c6 14. Bxg7 Kxg7 15. dxc6 Nxc6 16. Qxd6 Nf6 17. Qxd8 Rxd8 18. Rad1 Bg4 19. h3 Bxf3 20. Bxf3 Nd4 21. Bg2 Rab8 22. Nd5 Nxd5 23. exd5 Nf5 24. Kf2 Kf6 25. Rfe1 Nd6 26. Rc1 Rbc8 27. g4 g5 28. Kg3 Rxc1 29. Rxc1 Re8 30. fxg5+ hxg5 31. Kf3 Ke5 32. Kf2 Kd4 33. Rc7 Rc8 34. Rd7 Rc2+ 35. Kg3 Ke5 36. Re7+ Kd4 37. Rd7 Nc4 38. Rxb7 Ne3 39. Bh1 Nf1+ 40. Kf3 Nd2+ 41. Ke2 Nc4+ 42. Kf3 f6 0-1


[Site "https://www.chess.com"]

[Event "Titled Tuesday Blitz November 07 Early 2023"]
[White "Nissinen, Niilo Man"]
[Black "Dinu, Dumitru-Daniel"]
[WhiteFideId "30950767"]
[BlackFideId "1208403"]
[WhiteElo "2261"]
[BlackElo "2482"]
[Result "1-0"]
[Round "3"]
[TimeControl "180+1"]
[Date "2023.11.07"]
[WhiteClock "0:00:15"]
[BlackClock "0:00:34"]
[Board "207"]

1. e4 c5 2. Nf3 d6 3. d4 cxd4 4. Nxd4 Nf6 5. Nc3 a6 6. Be3 Ng4 7. Bg5 h6 8. Bh4 g5 9. Bg3 Bg7 10. h4 Qb6 11. Nb3 gxh4 12. Rxh4 h5 13. Be2 Be5 14. Nd5 Bxg3 15. Nxb6 Bxf2+ 16. Kf1 Bxh4 17. Qd4 Bf6 18. Qd3 Nc6 19. Nxa8 Nce5 20. Qc3 O-O 21. Nb6 Nh2+ 22. Kg1 Bg4 23. Kxh2 Bxe2 24. Qg3+ Ng4+ 25. Kh1 Be5 26. Qh4 Bf6 27. Qe1 Bb5 28. Nd5 Be5 29. Nxe7+ Kg7 30. Nf5+ Kf6 31. Qh4+ Ke6 32. Qe7# 1-0


[Site "https://www.chess.com"]

[Event "Titled Tuesday Blitz November 07 Early 2023"]
[White "LionKing2367890"]
[Black "Musalov, Ruslan"]
[BlackFideId "4141490"]
[WhiteElo "2258"]
[BlackElo "2470"]
[Result "0-1"]
[Round "3"]
[TimeControl "180+1"]
[Date "2023.11.07"]
[WhiteClock "0:01:21"]
[BlackClock "0:00:55"]
[Board "208"]

1. e4 c5 2. Nf3 d6 3. d4 cxd4 4. Nxd4 Nf6 5. f3 e5 6. Nb3 Be7 7. c4 O-O 8. Nc3 Nc6 9. Be3 Be6 10. Be2 Nd7 11. O-O Nc5 12. Nxc5 dxc5 13. Nd5 Nd4 14. Bd3 Bg5 15. Qd2 Bxe3+ 16. Qxe3 Bxd5 17. cxd5 b5 18. Rac1 c4 19. Bb1 Qb6 20. Kh1 Rac8 21. f4 f6 22. Rce1 b4 23. Rc1 Qc7 24. a3 a5 25. Ba2 b3 26. Bb1 Qd6 27. Qc3 Ne2 28. Qxa5 Nxc1 29. Rxc1 exf4 30. Qc3 Qe5 31. Qd2 Rfd8 32. h3 f5 33. Re1 c3 34. bxc3 Qxc3 35. Qxf4 Qxe1+ 0-1


[Site "https://www.chess.com"]

[Event "Titled Tuesday Blitz November 07 Early 2023"]
[White "Pujari, Rucha"]
[Black "Kuchava, Ana"]
[WhiteFideId "5024528"]
[BlackFideId "13605348"]
[WhiteElo "2469"]
[BlackElo "2257"]
[Result "1-0"]
[Round "3"]
[TimeControl "180+1"]
[Date "2023.11.07"]
[WhiteClock "0:00:20"]
[BlackClock "0:00:00"]
[Board "209"]

1. d4 d5 2. c4 e6 3. Nf3 Nf6 4. Nc3 Be7 5. Bf4 c5 6. dxc5 Bxc5 7. e3 O-O 8. Qc2 Nc6 9. a3 Qa5 10. Rd1 Be7 11. Be2 a6 12. O-O dxc4 13. Bxc4 b5 14. Bd3 Bb7 15. Ne4 h6 16. Bd6 Rac8 17. Qb1 Nxe4 18. Bxe4 Bxd6 19. Rxd6 Rfd8 20. Rfd1 Rxd6 21. Rxd6 Qc7 22. Bxc6 Bxc6 23. Qd1 Bd5 24. Rxa6 Qc1 25. Qf1 Qxf1+ 26. Kxf1 Rc1+ 27. Ke2 Rc2+ 28. Nd2 Rxb2 29. f3 Bc4+ 30. Ke1 Ra2 31. e4 Ra1+ 32. Kf2 Ra2 33. Ke3 Kh7 34. a4 1-0


[Site "https://www.chess.com"]

[Event "Titled Tuesday Blitz November 07 Early 2023"]
[White "Ionescu, Mihai"]
[Black "Dodaro, Mattia"]
[WhiteFideId "1202499"]
[BlackFideId "28583400"]
[WhiteElo "2459"]
[BlackElo "2254"]
[Result "1/2-1/2"]
[Round "3"]
[TimeControl "180+1"]
[Date "2023.11.07"]
[WhiteClock "0:00:51"]
[BlackClock "0:00:14"]
[Board "210"]

1. Nf3 a6 2. d4 e6 3. e4 d5 4. exd5 exd5 5. Bd3 Bd6 6. O-O Ne7 7. h3 O-O 8. Re1 Nbc6 9. c3 Bf5 10. Bxf5 Nxf5 11. Qd3 Qf6 12. Nbd2 Rae8 13. Rxe8 Rxe8 14. Nf1 Nh4 15. Nxh4 Qxh4 16. Bd2 Re6 17. Re1 Rxe1 18. Bxe1 Ne7 19. Qe2 Qf4 20. Bd2 Qf5 21. a3 Kf8 22. g4 Qc2 23. b4 Ng6 24. Ng3 Bxg3 25. fxg3 Qa2 26. Qd3 Qxa3 27. h4 h6 28. Kg2 Qa2 29. Kh3 Qc4 30. Qf5 Ne7 31. Qd7 Qf1+ 32. Kh2 Qe2+ 33. Kh3 Kg8 34. Bf4 Ng6 35. Qc8+ Kh7 36. Qf5 Qf1+ 37. Kh2 Qf2+ 38. Kh3 Qf1+ 39. Kh2 Qf2+ 40. Kh3 Qf1+ 1/2-1/2


[Site "https://www.chess.com"]

[Event "Titled Tuesday Blitz November 07 Early 2023"]
[White "Czerw, Dawid"]
[Black "Bolivar Losada, Jeison"]
[WhiteFideId "1145746"]
[BlackFideId "4404793"]
[WhiteElo "2455"]
[BlackElo "2254"]
[Result "1-0"]
[Round "3"]
[TimeControl "180+1"]
[Date "2023.11.07"]
[WhiteClock "0:01:55"]
[BlackClock "0:00:00"]
[Board "211"]

1. e4 c5 2. Nf3 d6 3. d4 cxd4 4. Nxd4 Nf6 5. Nc3 a6 6. h4 e5 7. Nb3 Be7 8. Be2 Be6 9. f4 Qc7 10. f5 Bc4 11. g4 h6 12. Rg1 Nh7 13. g5 Bxe2 14. Qxe2 hxg5 15. Nd5 Qd8 16. hxg5 Bxg5 17. Bxg5 Nxg5 18. O-O-O Nc6 19. Kb1 f6 20. Ne3 Qe7 21. Nc4 O-O-O 22. Rg3 Rh4 23. Re3 Kb8 24. a4 Na7 25. Nba5 Nc8 26. Rb3 Rd7 27. Nc6+ 1-0


[Site "https://www.chess.com"]

[Event "Titled Tuesday Blitz November 07 Early 2023"]
[White "Boraso, Alessio"]
[Black "Akylbek2021"]
[WhiteFideId "848077"]
[WhiteElo "2453"]
[BlackElo "2236"]
[Result "0-1"]
[Round "3"]
[TimeControl "180+1"]
[Date "2023.11.07"]
[WhiteClock "0:00:01"]
[BlackClock "0:00:05"]
[Board "212"]

1. b3 e6 2. Bb2 Nf6 3. e3 d5 4. Nf3 Be7 5. c4 O-O 6. Qc2 h6 7. Rg1 Nbd7 8. g4 Nh7 9. Nc3 c6 10. Bd3 Ng5 11. Nxg5 Bxg5 12. O-O-O Nc5 13. f4 Nxd3+ 14. Qxd3 Bh4 15. g5 hxg5 16. fxg5 e5 17. cxd5 cxd5 18. Nxd5 Bxg5 19. h4 Be6 20. Rxg5 Qxd5 21. Qxd5 Bxd5 22. Rxe5 Rac8+ 23. Bc3 Bf3 24. Rg1 g6 25. Kb2 Rfe8 26. Rf5 Be2 27. Rg2 Bd3 28. Rh5 Kf8 29. Rd5 Be4 30. Rgg5 Bxd5 31. Rxd5 Rcd8 32. Rc5 Kg8 33. Rg5 Kh7 34. h5 Kh6 35. Rg3 gxh5 36. Bf6 Rg8 37. Rf3 Rd5 38. Bd4 Rdg5 39. Rxf7 Rb5 40. Kc3 a5 41. Kd3 h4 42. a4 Rxb3+ 43. Kc4 Rb4+ 44. Kc3 Rxa4 45. Rf4 Kh5 46. Rf5+ Rg5 47. Rf4 Rg4 48. Rf5+ Rg5 49. Rf4 Ra3+ 50. Kc2 Ra2+ 51. Kb3 Rxd2 52. Bf6 Rb5+ 53. Kc4 Rb4+ 54. Kc3 Rxf4 55. Kxd2 Rxf6 0-1


[Site "https://www.chess.com"]

[Event "Titled Tuesday Blitz November 07 Early 2023"]
[White "parintele_chess"]
[Black "crazy_m_attack"]
[WhiteElo "2236"]
[BlackElo "2431"]
[Result "0-1"]
[Round "3"]
[TimeControl "180+1"]
[Date "2023.11.07"]
[WhiteClock "0:00:00"]
[BlackClock "0:00:05"]
[Board "213"]

1. d4 Nf6 2. c4 e6 3. Nc3 d5 4. cxd5 exd5 5. Bg5 Bb4 6. e3 h6 7. Bh4 g5 8. Bg3 Ne4 9. Qb3 c5 10. Bb5+ Nc6 11. Ne2 Be6 12. O-O Nd2 13. Qa4 Nxf1 14. Bxc6+ bxc6 15. Qxc6+ Kf8 16. Rxf1 Rc8 17. Qa4 Qb6 18. Be5 Rh7 19. Qc2 Kg8 20. f4 cxd4 21. Bxd4 Qc7 22. fxg5 hxg5 23. Ng3 Bd6 24. Qf2 Bxg3 25. hxg3 Rh6 26. Nb5 Qc2 27. Qf3 Qh7 28. Qe2 Rh1+ 29. Kf2 Rc2 30. Rxh1 Rxe2+ 31. Kxe2 Qxh1 0-1


[Site "https://www.chess.com"]

[Event "Titled Tuesday Blitz November 07 Early 2023"]
[White "Quirke, Jeffrey"]
[Black "Cesar Maestre, Bernardo"]
[WhiteFideId "2013029"]
[BlackFideId "24542547"]
[WhiteElo "2231"]
[BlackElo "2421"]
[Result "1-0"]
[Round "3"]
[TimeControl "180+1"]
[Date "2023.11.07"]
[WhiteClock "0:00:46"]
[BlackClock "0:00:05"]
[Board "214"]

1. e4 c5 2. c3 Nf6 3. e5 Nd5 4. Nf3 Nc6 5. Bc4 Nb6 6. Bb3 c4 7. Bc2 d5 8. exd6 Qxd6 9. O-O Bg4 10. Na3 O-O-O 11. Qe2 e5 12. Nxc4 Nxc4 13. Qxc4 Bxf3 14. gxf3 Kb8 15. d3 f5 16. f4 Be7 17. Be3 g5 18. fxe5 Nxe5 19. Qa4 b6 20. f3 g4 21. Bf4 gxf3 22. d4 Qg6+ 23. Bg3 f4 24. Bxg6 1-0


[Site "https://www.chess.com"]

[Event "Titled Tuesday Blitz November 07 Early 2023"]
[White "Kiseljova, Marya"]
[Black "Begunov, Konstantin"]
[WhiteFideId "4155009"]
[BlackFideId "4118510"]
[WhiteElo "2229"]
[BlackElo "2404"]
[Result "0-1"]
[Round "3"]
[TimeControl "180+1"]
[Date "2023.11.07"]
[WhiteClock "0:00:33"]
[BlackClock "0:00:10"]
[Board "216"]

1. d4 d5 2. c4 c6 3. Nf3 Nf6 4. g3 Bf5 5. Nc3 e6 6. Nh4 Bg4 7. f3 Bh5 8. Bg5 Be7 9. Bh3 h6 10. Be3 dxc4 11. O-O Nd5 12. Bf2 Bxh4 13. gxh4 Nf4 14. Bg4 Bxg4 15. fxg4 Nh3+ 16. Kg2 Nxf2 17. Rxf2 Qxh4 18. e3 Nd7 19. Qf3 Nf6 20. h3 h5 21. Ne4 hxg4 22. Nxf6+ gxf6 23. Qxg4 Qh6 24. Rf3 O-O-O 25. Kf2 f5 26. Qf4 Qf6 27. Rg1 Rh4 28. Qg5 Qh8 29. Rgg3 c5 30. Qg7 cxd4 31. exd4 Qxg7 32. Rxg7 Rhxd4 33. Rxf7 Rd2+ 34. Kg3 R8d7 35. Rf8+ Kc7 36. Re8 Kd6 37. h4 Rxb2 38. h5 Rb1 39. Rf2 Rg1+ 40. Kh4 Rh1+ 41. Kg5 Rg7+ 42. Kh6 Rg4 43. Rd2+ Ke5 44. Re2+ Re4 45. Rg2 Reh4 46. Rg5 c3 47. Rc8 R4h3 48. Kg6 b5 49. h6 Rxh6+ 50. Kf7 Rh7+ 51. Ke8 Rh8+ 52. Kd7 R1h7+ 53. Kc6 Rxc8+ 54. Kxb5 c2 0-1


[Site "https://www.chess.com"]

[Event "Titled Tuesday Blitz November 07 Early 2023"]
[White "Todorovic, Bojan"]
[Black "Goswami, Vedant"]
[WhiteFideId "917087"]
[BlackFideId "5003725"]
[WhiteElo "2403"]
[BlackElo "2329"]
[Result "1-0"]
[Round "3"]
[TimeControl "180+1"]
[Date "2023.11.07"]
[WhiteClock "0:02:08"]
[BlackClock "0:01:42"]
[Board "217"]

1. Nf3 b6 2. g3 Bb7 3. Bg2 e6 4. O-O Nf6 5. c4 c5 6. Nc3 Be7 7. d4 cxd4 8. Qxd4 d6 9. Rd1 a6 10. Bg5 Nbd7 11. Qd2 h6 12. Bf4 e5 13. Be3 Ne4 14. Nxe4 Bxe4 15. Nxe5 Bxg2 16. Nxd7 Bc6 17. Nxb6 Rb8 18. Nd5 O-O 19. b3 a5 20. Bf4 a4 21. Nxe7+ 1-0


[Site "https://www.chess.com"]

[Event "Titled Tuesday Blitz November 07 Early 2023"]
[White "Hartikainen, Jarmo"]
[Black "Bashirli, Saadat"]
[WhiteFideId "503134"]
[BlackFideId "13429990"]
[WhiteElo "2189"]
[BlackElo "2401"]
[Result "0-1"]
[Round "3"]
[TimeControl "180+1"]
[Date "2023.11.07"]
[WhiteClock "0:00:04"]
[BlackClock "0:00:03"]
[Board "218"]

1. e4 e5 2. Nf3 Nc6 3. Bc4 Bc5 4. c3 Nf6 5. d4 exd4 6. b4 Bb6 7. e5 Ne4 8. b5 Na5 9. Bd5 Nxc3 10. Nxc3 dxc3 11. Bg5 f6 12. exf6 gxf6 13. O-O fxg5 14. Ne5 Bc5 15. Qh5+ Ke7 16. Rae1 Qe8 17. Nd3+ Kd8 18. Rxe8+ Rxe8 19. Nxc5 c6 20. Qxg5+ Kc7 21. Bf7 Re2 22. Qg3+ d6 23. a4 c2 24. Nd3 Bd7 25. Qf3 Rd2 26. Rc1 Rf8 27. h3 Be6 28. Qe3 Rd1+ 29. Kh2 Bxf7 30. Rxc2 Re8 31. Qxa7 Nb3 32. b6+ Kd7 33. Qxb7+ Ke6 34. Qxc6 Nd4 35. Nf4+ Kf5 36. Qd5+ Bxd5 37. Rc5 Rde1 38. Rxd5+ Kxf4 39. Rxd6 Nf5 40. Rd7 R8e7 41. Rc7 Rb1 42. a5 Rxc7 43. bxc7 Rc1 44. c8=Q Rxc8 45. g3+ Kf3 46. h4 Ra8 47. Kh3 Rxa5 48. g4 Nd4 49. h5 Ra2 50. Kh4 Rxf2 51. g5 Rh2# 0-1


[Site "https://www.chess.com"]

[Event "Titled Tuesday Blitz November 07 Early 2023"]
[White "Floresvillar Gonzalez, Luis Migu"]
[Black "Marcziter, Dmitrii"]
[WhiteFideId "5100542"]
[BlackFideId "13900765"]
[WhiteElo "2185"]
[BlackElo "2401"]
[Result "1-0"]
[Round "3"]
[TimeControl "180+1"]
[Date "2023.11.07"]
[WhiteClock "0:00:37"]
[BlackClock "0:00:56"]
[Board "219"]

1. d4 Nf6 2. c3 d5 3. Bg5 Ne4 4. h4 h6 5. Bf4 c5 6. e3 Qb6 7. Qb3 c4 8. Qxb6 axb6 9. Nd2 Nf6 10. e4 e6 11. Bxb8 Rxb8 12. e5 Nd7 13. a3 b5 14. O-O-O Ra8 15. f4 g6 16. Ngf3 Be7 17. g4 Nb6 18. Bh3 h5 19. Ng5 hxg4 20. Bxg4 Na4 21. h5 Bxg5 22. fxg5 gxh5 23. Rxh5 Rg8 24. Rdh1 Bd7 25. Rh8 Ke7 26. Rxg8 Rxg8 27. Nf3 Nb6 28. Rh7 Be8 29. Bh5 Nd7 30. g6 Rf8 31. Ng5 Kd8 32. g7 Rg8 33. Bxf7 Bxf7 34. Nxf7+ Ke7 35. Nh6 Nf8 36. gxf8=Q+ Kxf8 37. Nxg8 Kxg8 38. Rxb7 1-0


[Site "https://www.chess.com"]

[Event "Titled Tuesday Blitz November 07 Early 2023"]
[White "La Villa Rivas, Marlon Javier"]
[Black "Mishra, Manoj"]
[WhiteFideId "3519546"]
[BlackFideId "5006007"]
[WhiteElo "2400"]
[BlackElo "2182"]
[Result "0-1"]
[Round "3"]
[TimeControl "180+1"]
[Date "2023.11.07"]
[WhiteClock "0:01:18"]
[BlackClock "0:00:05"]
[Board "220"]

1. e4 Nf6 2. e5 Nd5 3. c4 Nb6 4. d4 d6 5. exd6 cxd6 6. Nc3 g6 7. Be3 Bg7 8. Rc1 O-O 9. b3 Bf5 10. Be2 d5 11. c5 Nc8 12. h4 e5 13. dxe5 Nc6 14. Qxd5 Nxe5 15. Nf3 Nd3+ 16. Bxd3 Bxc3+ 17. Rxc3 Qxd5 18. Bc4 Qe4 19. O-O Ne7 20. Bh6 Nd5 21. Rd3 Qxd3 22. Bxd3 Bxd3 23. Rd1 Be4 24. Bxf8 Rxf8 25. Ng5 Nc3 26. Rd7 Bc6 27. Rd3 Ne2+ 28. Kf1 Nf4 29. Rg3 Nxg2 30. Rxg2 Bxg2+ 31. Kxg2 Re8 32. Kf3 Re5 33. b4 Rf5+ 34. Ke3 h6 35. Ne4 Kg7 36. a4 Rh5 37. b5 Kf8 38. a5 Ke7 39. Kd4 Rxh4 40. Kd5 Rh5+ 41. Kd4 f5 42. Nd6 Rh4+ 43. Kd5 b6 44. axb6 axb6 45. cxb6 Rd4+ 46. Kxd4 Kxd6 47. f4 g5 48. Ke3 g4 49. Kf2 Kd7 50. Kg3 Kc8 51. Kh4 Kb7 52. Kg3 Kxb6 53. Kh4 Kxb5 54. Kg3 Kc5 55. Kh4 Kd4 56. Kg3 Ke4 57. Kh4 Kxf4 58. Kh5 g3 59. Kxh6 g2 60. Kh5 g1=Q 61. Kh4 Qg4# 0-1


[Site "https://www.chess.com"]

[Event "Titled Tuesday Blitz November 07 Early 2023"]
[White "UK_23"]
[Black "TheAlienParty"]
[WhiteElo "2399"]
[BlackElo "2182"]
[Result "1/2-1/2"]
[Round "3"]
[TimeControl "180+1"]
[Date "2023.11.07"]
[WhiteClock "0:00:04"]
[BlackClock "0:00:04"]
[Board "221"]

1. e4 e5 2. Nf3 Nc6 3. Bc4 Bc5 4. O-O Nf6 5. d3 a5 6. c3 Ba7 7. a4 d6 8. Nbd2 h6 9. Bb3 O-O 10. h3 Re8 11. Re1 Be6 12. Bc2 d5 13. Qe2 Bc5 14. exd5 Bxd5 15. Ne4 Bf8 16. Ng3 g6 17. Be3 e4 18. dxe4 Nxe4 19. Nxe4 Bxe4 20. Rad1 Qf6 21. Nd4 Bxc2 22. Qxc2 Ne5 23. Nb5 Rac8 24. b3 c6 25. Nd4 g5 26. c4 Ng6 27. Nf3 Nf4 28. Bxf4 Qxf4 29. Qd3 Bb4 30. Rxe8+ Rxe8 31. Qd7 Re7 32. Qd8+ Kg7 33. Qd4+ Qxd4 34. Nxd4 Kg6 35. Kf1 h5 36. g4 hxg4 37. hxg4 Bc3 38. Nf5 Re4 39. f3 Re6 40. Kf2 Be5 41. Rd7 b5 42. cxb5 cxb5 43. axb5 Rb6 44. Rd5 f6 45. Ke3 Kf7 46. Kd3 Ke6 47. Kc4 Rb8 48. Rc5 Rh8 49. Rc6+ Kd7 50. Ra6 Rh3 51. Kd5 Rxf3 52. Ra7+ Kc8 53. Ne7+ Kb8 54. Nc6+ Kc8 55. b6 Rxb3 56. Kc5 Rc3+ 57. Kb5 Rb3+ 58. Kxa5 Bf4 59. Ka6 Ra3+ 60. Na5 Bb8 61. Rf7 Rf3 62. b7+ Kd8 63. Nc6+ Ke8 64. Re7+ Kf8 65. Rd7 Bh2 66. b8=Q+ Bxb8 67. Nxb8 Rf4 68. Nc6 Rxg4 69. Kb6 Rf4 70. Kc7 g4 71. Rd3 Rf3 72. Rd2 g3 73. Rg2 f5 74. Nd4 f4 75. Kd6 Rf2 76. Rg1 Rd2 77. Ke5 g2 78. Ke4 Kf7 79. Nf3 Ra2 80. Nh4 Ke7 81. Nxg2 Ra4+ 82. Kf3 Ra3+ 83. Kg4 Rg3+ 84. Kxf4 Ra3 85. Kg4 Ra4+ 86. Nf4 Kf6 87. Re1 Rb4 88. Rh1 Ra4 89. Rh6+ Kg7 90. Rc6 Kf7 91. Kf5 Ke7 92. Nd5+ Kd7 93. Rf6 Ra5 94. Ke5 Ke8 95. Re6+ Kf8 96. Rf6+ Kg7 97. Rd6 Ra1 98. Ke6 Re1+ 99. Kd7 Ra1 100. Ne7 Ra7+ 101. Ke6 Ra1 102. Nf5+ Kg6 103. Ke5+ Kg5 104. Ne3 Re1 105. Ke4 Ra1 106. Rd5+ Kf6 107. Ng4+ Ke7 108. Rb5 Ra4+ 109. Kf5 Ra1 110. Kg5 Rg1 111. Rd5 Ke6 112. Re5+ Kd6 113. Rf5 Rg2 114. Kf4 Rg1 115. Ne3 Ra1 116. Ke4 Ke6 117. Rh5 Kf6 118. Rh6+ Ke7 119. Rh4 Ra4+ 120. Kd5 Rxh4 121. Nf5+ Kf6 122. Nxh4 1/2-1/2


[Site "https://www.chess.com"]

[Event "Titled Tuesday Blitz November 07 Early 2023"]
[White "Smirnov, Timofey"]
[Black "LiadCuba"]
[WhiteFideId "24176427"]
[WhiteElo "2174"]
[BlackElo "2398"]
[Result "0-1"]
[Round "3"]
[TimeControl "180+1"]
[Date "2023.11.07"]
[WhiteClock "0:00:36"]
[BlackClock "0:00:37"]
[Board "222"]

1. d4 d5 2. Bf4 Nf6 3. e3 c5 4. c3 Nc6 5. Nd2 Qb6 6. Qb3 c4 7. Qc2 g6 8. e4 Nxe4 9. Nxe4 dxe4 10. Bxc4 Bf5 11. Qb3 Qxb3 12. axb3 Bg7 13. Ne2 e5 14. dxe5 Nxe5 15. Bxe5 Bxe5 16. Ng3 Ke7 17. Nxf5+ gxf5 18. Ke2 a6 19. Rhd1 Rad8 20. Rd5 Rxd5 21. Bxd5 Rb8 22. Ra5 Bc7 23. Rc5 Kd6 24. b4 Bb6 25. Bxf7 Bxc5 26. bxc5+ Kxc5 27. Ke3 Rf8 28. Be6 Kd6 29. Bb3 Ke5 30. g3 f4+ 31. gxf4+ Rxf4 32. Bd5 Rf3+ 33. Ke2 Kxd5 0-1


[Site "https://www.chess.com"]

[Event "Titled Tuesday Blitz November 07 Early 2023"]
[White "Dmitrenko, Viktor"]
[Black "vaniavindy"]
[WhiteFideId "14110270"]
[WhiteElo "2390"]
[BlackElo "2171"]
[Result "1-0"]
[Round "3"]
[TimeControl "180+1"]
[Date "2023.11.07"]
[WhiteClock "0:02:18"]
[BlackClock "0:00:00"]
[Board "223"]

1. e4 c6 2. d4 d5 3. Nc3 dxe4 4. Nxe4 Bf5 5. Ng3 Bg6 6. h4 h6 7. h5 Bh7 8. Nf3 Nd7 9. Bd3 Bxd3 10. Qxd3 e6 11. Bd2 Ngf6 12. O-O-O Bd6 13. Ne2 Qc7 14. Kb1 O-O-O 15. c4 1-0


[Site "https://www.chess.com"]

[Event "Titled Tuesday Blitz November 07 Early 2023"]
[White "Slovineanu, Viacheslav"]
[Black "kingapolak"]
[WhiteFideId "13900510"]
[WhiteElo "2386"]
[BlackElo "2168"]
[Result "1-0"]
[Round "3"]
[TimeControl "180+1"]
[Date "2023.11.07"]
[WhiteClock "0:00:11"]
[BlackClock "0:00:00"]
[Board "224"]

1. d4 Nf6 2. Nf3 g6 3. Nbd2 Bg7 4. e4 d6 5. Bd3 O-O 6. O-O e5 7. dxe5 dxe5 8. a4 Nc6 9. Re1 Nh5 10. g3 Bg4 11. Qe2 Nd4 12. Qe3 Qd7 13. c3 Nxf3+ 14. Nxf3 Rad8 15. Bc4 Nf6 16. Nxe5 Qd6 17. Nxg4 Nxg4 18. Qf4 Ne5 19. Be2 Rfe8 20. Be3 Qe6 21. Bd4 b6 22. a5 c5 23. Be3 h6 24. axb6 axb6 25. Ra6 Rc8 26. Rd1 Qb3 27. Rd2 Nc4 28. Bxc4 Qxc4 29. Ra7 Rxe4 30. Qf3 Ree8 31. Rdd7 Rf8 32. Bf4 Rcd8 33. Qc6 Rxd7 34. Qxd7 Qb3 35. h4 1-0


[Site "https://www.chess.com"]

[Event "Titled Tuesday Blitz November 07 Early 2023"]
[White "Juicy_Fork"]
[Black "Vila Dupla, Aurelio"]
[BlackFideId "2203383"]
[WhiteElo "2385"]
[BlackElo "2165"]
[Result "1-0"]
[Round "3"]
[TimeControl "180+1"]
[Date "2023.11.07"]
[WhiteClock "0:00:07"]
[BlackClock "0:00:00"]
[Board "225"]

1. e4 c5 2. Nf3 d6 3. d4 cxd4 4. Nxd4 Nf6 5. Nc3 g6 6. Be3 Bg7 7. f3 O-O 8. Qd2 Nc6 9. O-O-O Nxd4 10. Bxd4 Be6 11. Kb1 Qc7 12. h4 Rfc8 13. h5 Qa5 14. a3 Nxh5 15. g4 Nf6 16. Qh2 h5 17. gxh5 Qxh5 18. Qg1 Qa5 19. Nd5 Bxd5 20. exd5 Qxd5 21. Bh3 Qc4 22. Bxc8 Rxc8 23. Qh2 e5 24. Be3 Nh5 25. Rxd6 e4 26. f4 Qb5 27. b3 Qf5 28. Rg1 Re8 29. Rg5 Qc8 30. Qg1 Qc3 31. Bd4 Bxd4 32. Qxd4 Qxd4 33. Rxd4 Nxf4 34. Rg4 Ne6 35. Rdxe4 Rc8 36. Re2 Kg7 37. Rge4 Nc5 38. Rc4 Rc7 39. b4 Na6 40. Rxc7 Nxc7 41. Re7 Nd5 42. Rxb7 g5 43. c4 Ne3 44. c5 Nd5 45. Rd7 Nf6 46. c6 1-0


[Site "https://www.chess.com"]

[Event "Titled Tuesday Blitz November 07 Early 2023"]
[White "Silvestre, Christian"]
[Black "Becerra, Juan David"]
[WhiteFideId "30956269"]
[BlackFideId "4404998"]
[WhiteElo "2151"]
[BlackElo "2383"]
[Result "1-0"]
[Round "3"]
[TimeControl "180+1"]
[Date "2023.11.07"]
[WhiteClock "0:00:21"]
[BlackClock "0:00:00"]
[Board "226"]

1. e4 e6 2. Qe2 c5 3. g3 Ne7 4. Bg2 d5 5. d3 Nbc6 6. Nf3 dxe4 7. dxe4 e5 8. O-O Be6 9. Rd1 Qc7 10. c3 f6 11. Nbd2 Nc8 12. Nc4 Be7 13. Ne3 Nb6 14. Nh4 O-O 15. Nd5 Bxd5 16. exd5 Na5 17. Nf5 Rfd8 18. Bh6 Bf8 19. Qg4 Kh8 20. d6 Qd7 21. Be3 g6 22. Nh6 Bxh6 23. Qxd7 Rxd7 24. Bxh6 Rad8 25. Be3 Rxd6 26. Rxd6 Rxd6 27. Bxc5 Rd2 28. b4 Nc6 29. a4 Nd7 30. Bxc6 bxc6 31. Bxa7 Rc2 32. a5 Rxc3 33. a6 c5 34. Bxc5 Nxc5 35. a7 1-0


[Site "https://www.chess.com"]